 Dungeon Crawl Stone Soup version 0.26-a0-712-ga5a9c9c9d0 (webtiles) character file.

Game seed: 25322155165793820

122 kae the Insei (level 5, -1/34 HPs)
             Began as an Octopode Transmuter on Nov 11, 2020.
             Slain by an adder (2 damage)
             ... on level 2 of the Dungeon.
             The game lasted 00:01:41 (2528 turns).

kae the Insei (Octopode Transmuter)                 Turns: 2528, Time: 00:01:42

Health: -1/34      AC:  1    Str: 10    XL:     5   Next: 6%
Magic:  7/9        EV: 14    Int: 15    God:
Gold:   82         SH:  0    Dex: 13    Spells: 5/9 levels left

rFire    . . .     SeeInvis .     - Unarmed
rCold    . . .     Faith    .   (no shield)
rNeg     . . .     Spirit   .   (helmet restricted)
rPois    .         Reflect  .   (no amulet)
rElec    .         Harm     .   (no ring)
rCorr    .         Rampage  .   (no ring)
MR       .....                  (no ring)
Stlth    ++........             (no ring)
HPRegen  0.11/turn              (no ring)
MPRegen  0.11/turn              (no ring)
                                (no ring)
                                (no ring)

@: lethally poisoned (-1 -> -3), hasted, very quick
A: almost no armour, stealthy swim, amphibious, 8 rings, constrict 8, camouflage
1, gelatinous body 1
a: no special abilities


You were on level 2 of the Dungeon.
You visited 1 branch of the dungeon, and saw 2 of its levels.

You collected 82 gold pieces.

Inventory:

Jewellery
 j - an uncursed amulet of the acrobat {unknown}
Scrolls
 a - a scroll of identify {unknown}
 c - a scroll of enchant weapon {unknown}
 d - a scroll of random uselessness {unknown}
 e - a scroll of remove curse {unknown}
 f - 2 scrolls of noise {unknown}
 g - a scroll of teleportation {unknown}
 h - a scroll of enchant armour {unknown}
 i - a scroll of fear {unknown}


   Skills:
 - Level 2.0 Fighting
 + Level 2.4 Dodging
 * Level 3.7 Unarmed Combat
 * Level 2.8 Spellcasting
 * Level 3.1 Transmutations


You had 5 spell levels left.
You knew the following spells:

 Your Spells              Type           Power        Failure   Level
a - Beastly Appendage     Tmut           ##....       5%          1
b - Spider Form           Tmut/Pois      #.........   32%         3

Your spell library contained the following spells:

 Spells                   Type           Power        Failure   Level
 Wereblood                Tmut           ##......     9%          2
 Animate Skeleton         Necr           #.....       21%         1
 Apportation              Tloc           #.....       21%         1
 Corona                   Hex            #......      21%         1
 Summon Small Mammal      Summ           #...         21%         1
 Ice Form                 Ice/Tmut       #.......     71%         4
 Blade Hands              Tmut           ##........   83%         5


Dungeon Overview and Level Annotations

Branches:
Dungeon (2/15)

Altars:


Innate Abilities, Weirdness & Mutations

You cannot wear most types of armour.
You are very stealthy in the water. (Stealth+)
You are amphibious.
You can wear up to eight rings at the same time.
You can use your tentacles to constrict eight enemies at once.
Your skin changes colour to match your surroundings (Stealth+).
Your rubbery body absorbs attacks. (AC +1, EV +1)


Message History

You have reached level 5!
You feel agile. The adder closely misses you.
You hit the adder but do no damage.
The adder is poisoned.
Your transformation has ended.
The adder closely misses you.
The gnoll hits you from afar with a +0 spear.
You barely miss the adder. You grab the adder. You constrict the adder.
The adder bites you.
You are poisoned.
The adder poisons you!
The gnoll hits you from afar with a +0 spear.
* * * LOW HITPOINT WARNING * * *
You release your grip on the adder.
You feel sick. The adder bites you.
* * * LOW HITPOINT WARNING * * *
It was a potion of haste.
You feel yourself speed up.
* * * LOW HITPOINT WARNING * * *
You feel sick. The adder bites you.
You die...

##....... ##... ...#............<
...... ##..#.. ..........
.......() ##...# .....
#.##....(...### .#...# #..#
#)#........... #
..#..#####.#####)#..........# ##.
..#.............g#.......(..###..
....##..........S#..............(
..#.##..........@#..........)(...
..#.##......................)..(.
..#.##...........#........####...
..#.##...(.........###.########..
.....(.....#.....### #.#####.....
.......#...###...#####.......#...
..........#####.........r...g.r..
.#(##.#.#.##.....#....#######...g
.#......#.##.###.#....# ##...


You could see a gnoll and an adder (very poisoned).

Vanquished Creatures
  Robin (D:2)
  2 adders (D:2)
  3 gnolls (D:2)
  An ooze (D:1)
  A dart slug (D:2)
  A leopard gecko (D:1)
  3 bats (D:2)
  3 giant cockroaches
  15 goblins
  3 hobgoblins
  5 jackals (D:2)
  6 frilled lizards
  8 kobolds
  3 rats
55 creatures vanquished.

Notes
Turn   | Place    | Note
-------+----------+-------------------------------------------
     0 | D:1      | kae the Octopode Transmuter began the quest for the Orb.
     0 | D:1      | Reached XP level 1. HP: 13/13 MP: 3/3
   266 | D:1      | Reached XP level 2. HP: 10/18 MP: 3/5
  1358 | D:2      | Reached XP level 3. HP: 22/23 MP: 6/6
  1923 | D:1      | Learned a level 3 spell: Spider Form
  1941 | D:2      | Noticed Robin
  1953 | D:1      | Reached XP level 4. HP: 24/29 MP: 4/7
  2057 | D:2      | Killed Robin
  2522 | D:2      | Reached XP level 5. HP: 19/34 MP: 6/9
  2526 | D:2      | HP: 1/34 [adder (4)]
  2528 | D:2      | Slain by an adder

Illustrated notes

Levels and vault maps discovered:
D:1:      ncdulo_smallfort, layout_rooms, serial_rivers,
          chequers_serial_rivers_micro_c, chequers_serial_rivers_micro_e,
          chequers_serial_rivers_marsh, chequers_serial_rivers_large_a,
          chequers_serial_rivers_large_b, wad_floor_pattern_1,
          kennysheep_minor_cross, minmay_pentomino_p2
D:2:      layout_rooms, chequers_ecumenical_altar_island, uniq_robin

Skill      XL: |  1  2  3  4 |
---------------+-------------+-----
Fighting       | 2 |  2.0
Transmutations | 3 |  3.1
Dodging        | |  2.4
Unarmed Combat | |  3.7
Spellcasting   | |  2.8

Action                   |  1- 3 |  4- 6 || total
-------------------------+-------+-------++-------
Melee: Unarmed           |    87 |    39 ||   126
       Constrict         |    22 |     4 ||    26
       Kick              |    14 |       ||    14
       Tentacles         |    12 |     2 ||    14
 Cast: Beastly Appendage |    11 |       ||    11
       Spider Form       |     1 |     4 ||     5
  Use: Potion            |       |     1 ||     1
 Stab: Sleeping          |     1 |       ||     1
Armor: Skin              |     6 |     6 ||    12
Dodge: Dodged            |    77 |    45 ||   122

Table legend: (Time is in decaauts)
 A = Elapsed time spent in this place.
 B = Non-inter-level travel time spent in this place.
 C = Inter-level travel time spent in this place.
 D = Time resting spent in this place.
 E = Time spent auto-exploring this place.
 F = Levels seen in this place.
 G = Mean time per level.
                   A        B        C        D        E       F      G
               +--------+--------+--------+--------+--------+-----+--------+
         Total |   2525 |   2395 |    130 |    506 |   1553 |   2 | 1262.5 |
       Dungeon |   2525 |   2395 |    130 |    506 |   1553 |   2 | 1262.5 |
               +--------+--------+--------+--------+--------+-----+--------+

Top non-repeatable levels by time:
     D:1: 1878 daAuts
     D:2: 647 daAuts
